Map: Ghost River LE

Players

RuFF - Winner!

  • Race: Terran Terran
  • League: Grandmaster
  • Spawn Location: 1:00

Tevlev

  • Race: Protoss Protoss
  • League: Master
  • Spawn Location: 11:00

VOD

Have the link to the VOD?

Description

Time

  • Played on: April 21, 2024, 10:46 p.m.
  • Length: 6:00
Show
View Real Time Build Order
Export as new Build Order

RuFF Terran - Winner!

Build Orders: Cyclone Opening 

Get SALT Encoding   

  12  0:00  SCV  
  13  0:12  SCV  
  14  0:17  Supply Depot  
  14  0:24  SCV  
  15  0:30  Refinery  
  15  0:38  SCV  
  16  0:44  Barracks  
  16  0:51  SCV  
  17  1:03  SCV  
  18  1:15  SCV  
  19  1:31  Marine  
  19  1:32  Orbital Command  
  20  1:33  Factory  
  20  1:40  Supply Depot  
  20  1:52  Barracks Reactor  
  20  1:58  SCV  
  21  2:11  SCV  
  22  2:21  Factory Tech Lab  
  22  2:23  Refinery  
  22  2:28  Command Center  
  22  2:34  Cyclone  
  22  2:35  Cyclone  
  26  2:38  SCV  
  26  2:41  Supply Depot  
  27  2:45  Barracks Tech Lab  
  27  2:50  SCV  
  28  2:58  Supply Depot  
  28  3:02  SCV  
  33  3:20  SCV  
  33  3:22  Cyclone  
  33  3:23  Cyclone  
  34  3:28  Ghost Academy  
  34  3:42  SCV  
  34  3:46  Supply Depot  
  35  3:57  Cyclone x2  
  36  4:17  Ghost  
  36  4:18  SCV  
  39  4:25  Orbital Command  
  39  4:29  Cyclone x2  
  43  4:31  SCV  
  43  4:43  SCV  
  44  4:49  Refinery  
  44  4:50  Refinery, Ghost  
  46  4:55  SCV x2  
  48  5:02  Cyclone x2  
  52  5:08  SCV  
  53  5:15  Nuke  
  53  5:18  SCV  
  53  5:19  Supply Depot  
  54  5:23  SCV  
  55  5:30  SCV  
  61  5:35  SCV  
  61  5:40  Supply Depot  
  61  5:42  SCV  
  62  5:47  SCV  
Show
View Real Time Build Order
Export as new Build Order

Tevlev Protoss 

Build Orders:  

Get SALT Encoding   

  12  0:00  Probe  
  13  0:12  Probe  
  14  0:18  Pylon  
  14  0:28  Pylon  
  14  0:46  Gateway  
  14  0:51  Gateway  
  14  0:57  Probe  
  14  1:01  Assimilator  
  15  1:09  Probe  
  16  1:22  Probe  
  17  1:33  Zealot (Chrono Boost)  
  17  1:34  Probe  
  22  1:45  Zealot (Chrono Boost)  
  22  1:50  Probe  
  25  1:55  Cybernetics Core  
  22  2:18  Nexus  
  22  2:23  Probe  
  22  2:29  Stalker (Chrono Boost)  
  27  2:41  Stalker (Chrono Boost)  
  27  2:42  Warp Gate  
  27  2:43  Probe  
  28  2:50  Assimilator  
  28  2:55  Probe  
  29  2:59  Stalker  
  31  3:11  Pylon  
  31  3:15  Probe (Chrono Boost)  
  30  3:26  Stalker (Chrono Boost)  
  31  3:28  Probe (Chrono Boost)  
  31  3:31  Sentry (Chrono Boost)  
  34  3:34  Probe (Chrono Boost)  
  34  3:35  Probe (Chrono Boost)  
  35  3:45  Probe (Chrono Boost)  
  35  3:47  Probe (Chrono Boost)  
  37  3:49  Stalker  
  40  3:57  Probe (Chrono Boost)  
  38  4:07  Stalker  
  38  4:13  Probe x2  
  40  4:25  Probe x2  
  40  4:27  Assimilator  
  40  4:28  Robotics Facility  
  42  4:33  Shield Battery  
  42  4:37  Probe x2  
  44  4:43  Shield Battery  
  42  4:46  Stalker  
  42  4:49  Probe (Chrono Boost)  
  42  4:51  Assimilator  
  42  4:52  Probe (Chrono Boost)  
  46  4:53  Stalker  
  49  5:01  Probe (Chrono Boost)  
  49  5:06  Probe (Chrono Boost)  
  50  5:09  Pylon  
  50  5:13  Gateway  
  50  5:14  Pylon, Twilight Council  
  50  5:27  Probe  
  51  5:32  Probe (Chrono Boost)  
  56  5:37  Pylon  
  57  5:44  Probe x2 (Chrono Boost)  
  57  5:49  Gateway  
  58  5:50  Gateway  
Tags
 
Add a new tag
Caveats
  • Supply blocks, unpowered buildings, or Contaminate may cause inaccurate times.
  • Supply counts are checked every 10 seconds.